 Dungeon Crawl Stone Soup version 0.15-a0-2123-gb18dd36 (webtiles) character file.

30547 KaKa the Basher (level 13, -9/97 HPs)
             Began as a Gargoyle Chaos Knight on July 15, 2014.
             Was a Plaything of Xom.
             Mangled by an orc warrior
             ... wielding a +2 halberd of protection
              (25 damage)
             ... on Level 12 of the Dungeon on July 16, 2014.
             The game lasted 01:44:36 (18951 turns).

KaKa the Basher (Gargoyle Chaos Knight)            Turns: 18951, Time: 01:44:36

HP  -9/97        AC  5     Str 18      XL: 13   Next: 52%
MP  11/11        EV  9     Int 11      God: Xom
Gold 926         SH  0     Dex 10      Spells:  0 memorised, 12 levels left

rFire  . . .     SeeInvis .     a - melded +1 great mace (protect)
rCold  + + +     Rnd*Rage +     j - melded +4 scale mail {rC+}
rNeg   + + .     rCorr    .     (shield currently unavailable)
rPois  +         rRot     +     (helmet currently unavailable)
rElec  .         Spirit   .     Y - melded +1 cloak {rC+}
SustAb .         Warding  .     (gloves currently unavailable)
rMut   .         Stasis   .     (boots currently unavailable)
Gourm  .                        I - amulet of rage
MR     .....                    v - ring of positive energy
                                Q - ring of protection from fire

@: about to teleport, ice-form, not resistant to hostile enchantments, very
unstealthy
A: (horns 0), berserk 1, blink 1, clumsy 1, dopey 1, low mp 1, mutation
resistance 1, negative energy resistance 1, (electricity resistance), spit
poison 1, (unbreathing), petrification resistance, rot immunity, placid magic 1,
AC +9
a: Spit Poison, Blink, Renounce Religion, Evoke Berserk Rage


You were on level 12 of the Dungeon.
You worshipped Xom.
You were a favourite toy of Xom.
You were not hungry.
You were a creature of crystalline ice.
You visited 1 branch of the dungeon, and saw 13 of its levels.
You also visited: Sewer, Ossuary and Ice Cave.

You collected 1001 gold pieces.
You spent 75 gold pieces at shops.

Inventory:

Hand weapons
 a - a +1 great mace of protection (melded)
 b - a +0 longbow
Missiles
 y - 103 arrows
 O - 6 arrows of frost
 P - 10 poisoned arrows
Armour
 j - a +4 scale mail of cold resistance (melded)
 M - a steam dragon hide
 Y - a +1 cloak of cold resistance (melded)
Magical devices
 d - a wand of cold (7)
 e - a wand of fire (0)
 n - a wand of teleportation (1)
 t - a wand of random effects (14)
 D - a wand of enslavement (10)
 G - a wand of magic darts (5)
 K - a wand of polymorph (11)
 L - a wand of magic darts (12)
 R - a wand of flame (2)
 S - a wand of fireball (3)
 V - a wand of polymorph (15)
 X - a wand of confusion (8)
Comestibles
 c - 6 bread rations
 m - 4 beef jerkies
 u - 3 meat rations
 H - 14 fruits
Scrolls
 g - 7 scrolls of remove curse
 h - 13 scrolls of identify
 i - 4 scrolls of fog
 o - 2 scrolls of recharging
 r - a scroll of torment {unknown}
 C - a scroll of amnesia
 F - a scroll of enchant weapon
 W - a scroll of enchant armour
Jewellery
 f - an uncursed amulet of resist mutation
 v - a ring of positive energy (right paw)
 I - an amulet of rage (around neck)
 Q - a ring of protection from fire (left paw)
Potions
 k - 4 potions of brilliance
 p - 3 potions of curing
 q - 2 potions of haste
 w - 2 potions of magic
 x - 3 potions of agility
 A - 2 potions of might
 E - a potion of restore abilities
 N - a potion of porridge
Books
 l - a book of Battle

   Spells                             Type                      Level
   Infusion                           Charms                       1
   Shroud of Golubria                 Charms/Translocation         2
   Song of Slaying                    Charms                       2
   Spectral Weapon                    Hexes/Charms                 3
   Regeneration                       Charms/Necromancy            3
 z - a book of Hinderance

   Spells                             Type                      Level
   Confusing Touch                    Hexes                        2
   Confuse                            Hexes                        3
   Petrify                            Transmutation/Earth          4
   Leda's Liquefaction                Hexes/Earth                  4
   Metabolic Englaciation             Hexes/Ice                    5
   Summon Mana Viper                  Hexes/Summoning              5
 J - a book of Control

   Spells                             Type                      Level
   Control Teleport                   Charms/Translocation         4
   Control Undead                     Necromancy                   4
   Enslavement                        Hexes                        4
   Metabolic Englaciation             Hexes/Ice                    5
   Mass Confusion                     Hexes                        6
 U - a book of Debilitation

   Spells                             Type                      Level
   Corona                             Hexes                        1
   Slow                               Hexes                        2
   Inner Flame                        Hexes/Fire                   3
   Enslavement                        Hexes                        4
   Cause Fear                         Hexes                        4
   Leda's Liquefaction                Hexes/Earth                  4


   Skills:
 + Level 9.7 Fighting
 * Level 14.6 Maces & Flails
 - Level 13.0 Bows
 + Level 9.4 Armour
 - Level 0.7 Dodging


You had 12 spell levels left.
You didn't know any spells.

Dungeon Overview and Level Annotations

Branches:
Dungeon (13/15)            Temple (0/1) D:5          Vaults (0/5) D:13
    Orc: D:9-12        Lair: D:8-11

Altars:
Ashenzari
Gozag
Nemelex Xobeh
Sif Muna
Xom

Shops:
D:4 *   D:6 (   D:8 :   D:12 ?


Innate Abilities, Weirdness & Mutations

You are resistant to torment.
You are immune to poison.
((Your stone body is very resilient (AC +9).))*
You resist negative energy.
((You are resistant to electric shocks.))*
((You can survive without breathing.))*
You are immune to petrification.
You are immune to rotting.
((You have a pair of small horns on your head.))*
You tend to lose your temper in combat.
You can translocate small distances at will.
You are clumsy. (Dex -2)
You are dopey. (Int -2)
Your magical capacity is low (-10% MP).
You are somewhat resistant to further mutation.
You can spit poison.
Your spells are a little easier to cast, but a little less powerful.


Message History

You kill the big kobold!
The cyclops throws a large rock.
The large rock closely misses you.
The large rock barely misses the orc warrior.
Read which item? (? for menu, Esc to quit)
Okay, then.
Evoke which item? (* to show all) (? for menu, Esc to quit)
You have no means to grasp a wand firmly enough.
The cyclops throws a large rock.
The large rock hits you!!
The orc warrior hits you with a runed halberd!
You see here a large rock.
You hit the orc warrior. You freeze the orc warrior.
The orc warrior is lightly wounded.
The cyclops throws a large rock.
The large rock hits you!!
* * * LOW HITPOINT WARNING * * *
Read which item? (? for menu, Esc to quit)
As you read the scroll of teleportation, it crumbles to dust.
You feel strangely unstable.
The orc warrior hits you with a runed halberd!!
You die...
Xom laughs nastily!

##########+####...........'...
#......(....#### ########'####
##..# #..## . ####.########
... #...........#
...[..########...........##
.....KC)..Yo..(............
.....K########...........##
... #..>........## .
#...........## #...........#
#...........# #...........#
#############


You could see a cyclops, an orc warrior and 2 kobolds.

Vanquished Creatures
  Fannar (D:11)
  The ghost of hackum the Cleaver, a powerful FoFi of Gozag (IceCv)
  An alligator (D:13)
  2 centaur warriors
  A catoblepas (shapeshifter) (D:12)
  An unseen horror (D:13)
  2 ice devils (IceCv)
  A deep troll (shapeshifter) (D:13)
  4 hill giants
  2 ice statues (IceCv)
  A manticore (D:12)
  A griffon (D:13)
  A manticore (shapeshifter) (D:13)
  A sphinx skeleton (D:13)
  A torpor snail (D:7)
  An eye of devastation (D:10)
  A centaur skeleton (D:11)
  2 gargoyles
  8 blue devils (IceCv)
  3 trolls
  A boulder beetle (D:10)
  5 slime creatures
  A basilisk (shapeshifter) (D:13)
  A spriggan (D:7)
  3 deep elf magi
  2 hungry ghosts
  2 wyverns
  9 ugly things
  A human (shapeshifter) (D:13)
  18 yaks
  A steam dragon (D:9)
  2 soldier ants
  A tengu zombie (D:12)
  The ghost of TZer0 the Ruinous, an average HECj (Sewer)
  2 mottled dragons (D:13)
  An ogre skeleton (D:13)
  A phantom (D:5)
  4 sky beasts
  6 centaurs
  5 ogres
  2 necrophages
  A black bear (D:8)
  3 yellow wasps
  3 orc warriors
  8 ice beasts
  3 crocodiles
  3 big kobolds
  7 giant frogs
  Blork the orc (D:9)
  2 water moccasin zombies (Ossuary)
  A wyvern skeleton (D:8)
  2 gnoll sergeants
  2 scorpions
  2 eyes of draining
  4 jellies
  4 wights (D:8)
  6 killer bees
  A goliath beetle (D:8)
  5 crimson imps
  A gnoll shaman (D:7)
  4 orc wizards
  An orc priest (D:6)
  2 basilisk skeletons (D:13)
  3 quasits
  9 hounds
  2 iron imps
  2 iguanas
  10 worker ants
  A big kobold zombie (Ossuary)
  A mottled dragon zombie (D:13)
  A hound zombie (D:9)
  Terence (D:2)
  17 gnolls
  3 mummies
  16 adders
  A scorpion zombie (D:8)
  A giant mite (D:3)
  A shadow imp (D:12)
  An inept item mimic (D:4)
  7 white imps
  A worm (D:3)
  8 ufetubi (IceCv)
  12 adder zombies (Ossuary)
  6 giant geckos
  40 orcs
  A ball python (D:2)
  A bat skeleton (D:6)
  6 giant cockroaches
  13 goblins
  13 hobgoblins
  20 jackals
  7 quokkas
  18 bats
  3 giant newts
  2 giant spores
  A gnoll zombie (Ossuary)
  2 goblin skeletons (D:4)
  5 hobgoblin zombies
  21 kobolds
  5 kobold zombies (Ossuary)
  An orc zombie (Ossuary)
  20 rats
  2 ballistomycetes
456 creatures vanquished.

Vanquished Creatures (collateral kills)
  2 trolls
  A two-headed ogre (D:12)
  2 slime creatures (D:12)
  4 yaks (D:10)
  2 ogres
  Sigmund (D:2)
  2 killer bees (D:7)
  An iron imp (D:12)
  3 gnolls (D:7)
  An iguana skeleton (D:11)
  An orc (D:11)
  A kobold (D:5)
21 creatures vanquished.

Vanquished Creatures (others)
  A smoke demon (D:12)
  A killer bee (D:10)
  A quasit (D:12)
  An iron imp (D:10)
  A worker ant (D:7)
  3 shadow imps
  2 white imps (IceCv)
  4 ufetubi
14 creatures vanquished.

Grand Total: 491 creatures vanquished

Notes
Turn   | Place    | Note
--------------------------------------------------------------
     0 | D:1      | KaKa, the Gargoyle Chaos Knight, began the quest for the Orb.
     0 | D:1      | Reached XP level 1. HP: 14/14 MP: 1/1
   244 | D:1      | XOM: silly message
   270 | D:1      | Reached XP level 2. HP: 17/19 MP: 2/2
   378 | D:1      | Reached skill level 4 in Maces & Flails
   394 | D:1      | Reached XP level 3. HP: 18/23 MP: 3/3
   461 | D:1      | XOM: harmless Pois miscast
   597 | D:1      | XOM: divination: magic mapping
   971 | D:2      | XOM: divination: detect creatures
   997 | D:2      | Noticed Sigmund
  1006 | D:2      | XOM: blink monster(s)
  1007 | D:2      | XOM: confuse monster(s)
  1030 | D:2      | XOM: cast spell 'Summon Hydra'
  1033 | D:2      | Killed Sigmund
  1033 | D:2      | Reached skill level 5 in Maces & Flails
  1033 | D:2      | Reached XP level 4. HP: 9/28 MP: 4/4
  1317 | D:2      | Noticed Terence
  1348 | D:2      | XOM: enchant monster (bad)
  1368 | D:2      | Killed Terence
  1481 | D:2      | XOM: give mutations
  1481 | D:2      | Gained mutation: Your spells are a little easier to cast, but a little less powerful. [Xom's mischief]
  1481 | D:2      | Gained mutation: You are clumsy. (Dex -2) [Xom's mischief]
  1481 | D:2      | Gained mutation: You can translocate small distances at will. [Xom's mischief]
  1495 | D:2      | XOM: harmless Chrm miscast
  1653 | D:2      | Reached XP level 5. HP: 30/32 MP: 5/5
  2327 | D:3      | Reached skill level 6 in Maces & Flails
  3150 | D:3      | XOM: summons 2 hostile demons
  3274 | D:3      | Reached XP level 6. HP: 30/37 MP: 6/6
  3338 | D:3      | XOM: give mutations
  3338 | D:3      | Gained mutation: Your magical capacity is low (-10% MP). [Xom's mischief]
  3338 | D:3      | Gained mutation: You are dopey. (Int -2) [Xom's mischief]
  3781 | D:4      | Found Smoat's General Store.
  3791 | D:4      | Bought a scroll of blinking for 75 gold pieces
  3924 | D:4      | Reached skill level 7 in Maces & Flails
  4012 | D:4      | Found a sparkling altar of Nemelex Xobeh.
  4183 | D:4      | XOM: colour smoke trail
  4184 | D:4      | XOM: god gift: cyan potion
  4374 | D:4      | Found a deep blue altar of Sif Muna.
  4430 | D:5      | Entered Level 5 of the Dungeon
  4435 | D:5      | XOM: summons friendly quasit
  4461 | D:5      | Reached XP level 7. HP: 32/41 MP: 6/6
  4462 | D:5      | Found a staircase to the Ecumenical Temple.
  4864 | D:5      | XOM: medium Necr miscast
  4926 | D:5      | Reached skill level 8 in Maces & Flails
  4928 | D:5      | XOM: silly message
  5132 | D:5      | XOM: colour smoke trail
  5455 | D:5      | XOM: confuse monster(s)
  5532 | D:5      | XOM: mild Necr miscast
  5549 | D:5      | XOM: noise
  5562 | D:5      | XOM: cast spell 'Discord'
  5568 | D:5      | XOM: confuse monster(s)
  5604 | D:5      | Gained mutation: You are somewhat resistant to further mutation. [potion of beneficial mutation]
  5653 | D:5      | XOM: cast spell 'Spider Form'
  5723 | D:6      | Found a glowing drain.
  5738 | Sewer    | Entered a sewer
  5738 | Sewer    | Noticed TZer0's ghost (average HECj)
  5744 | Sewer    | XOM: 1-stop teleportation journey
  5793 | Sewer    | Killed TZer0's ghost
  5793 | Sewer    | Reached skill level 9 in Maces & Flails
  5793 | Sewer    | Reached XP level 8. HP: 22/46 MP: 7/7
  6083 | D:6      | XOM: 8-stop teleportation journey
  6238 | D:6      | XOM: mild Ice miscast
  6328 | D:6      | Reached skill level 10 in Maces & Flails
  6646 | D:6      | Found Yduomn's Antique Weapon Emporium.
  6758 | D:5      | XOM: mild Conj miscast
  6809 | D:7      | Got a transparent quarterstaff
  6810 | D:7      | Identified the cursed +1 quarterstaff "Dubu" {antimagic, +Rage} (You found it on level 7 of the Dungeon)
  6827 | D:7      | XOM: summons 3 friendly demons
  6840 | D:7      | Found an opulent altar of Gozag.
  6872 | D:7      | Noticed a troll
  6885 | D:7      | XOM: divination: magic mapping
  6887 | D:7      | Killed a troll
  7011 | D:7      | XOM: confuse monster(s)
  7251 | D:7      | XOM: confusion
  7585 | D:7      | XOM: mild Tloc miscast
  7725 | D:7      | Reached XP level 9. HP: 52/52 MP: 8/8
  7734 | D:7      | XOM: colour smoke trail
  7871 | D:7      | XOM: cast spell 'Dragon Form'
  7889 | D:7      | Noticed a hill giant
  7895 | D:7      | Noticed a torpor snail
  7895 | D:7      | a hill giant changed into a torpor snail
  7895 | D:7      | XOM: polymorph hill giant -> torpor snail
  7897 | D:7      | XOM: confuse monster(s)
  7942 | D:7      | XOM: cast spell 'Dispersal'
  8234 | D:7      | XOM: cast spell 'Summon Swarm'
  8564 | D:7      | XOM: potion effect (experience)
  8564 | D:7      | Reached skill level 12 in Bows
  8564 | D:7      | Reached XP level 10. HP: 47/58 MP: 9/9
  8734 | D:7      | XOM: god gift: tourmaline ring {god gift}
  8906 | D:7      | XOM: confuse monster(s)
  8995 | D:7      | Killed a torpor snail
  9095 | D:7      | XOM: enchant monster (bad)
  9349 | D:8      | Found Hompal's Book Shoppe.
  9375 | D:8      | Found a sand-covered staircase.
  9379 | Ossuary  | Entered an ossuary
  9467 | Ossuary  | XOM: divination: detect items
  9547 | Ossuary  | XOM: harmless Conj miscast
  9564 | Ossuary  | XOM: noise
  9689 | D:8      | XOM: enchant monster (bad)
  9694 | D:8      | XOM: enchant monster (good)
  9697 | D:8      | XOM: cast spell 'Statue Form'
  9812 | D:8      | XOM: noise
  9905 | D:8      | XOM: medium Summ miscast
  9987 | D:8      | Found a shattered altar of Ashenzari.
  9992 | D:8      | Found a shimmering altar of Xom.
 10388 | D:9      | Noticed Blork the orc
 10401 | D:9      | XOM: 2-stop teleportation journey
 10403 | D:9      | XOM: summons 2 hostile shadow creatures
 10427 | D:9      | Reached XP level 11. HP: 54/62 MP: 0/9
 10447 | D:9      | XOM: 2-stop teleportation journey
 10689 | D:9      | Killed Blork the orc
 10783 | D:9      | XOM is BORED!
 10783 | D:9      | XOM: medium Tloc miscast
 10835 | D:9      | XOM: harmless Ice miscast
 10955 | D:10     | Entered Level 10 of the Dungeon
 10975 | D:10     | Reached skill level 13 in Bows
 10985 | D:10     | XOM: 3-stop teleportation journey
 10986 | D:10     | Noticed a hill giant
 10993 | D:10     | a hill giant changed into an eye of devastation
 11143 | D:10     | XOM: summons friendly iron imp
 11152 | D:10     | XOM: enchant monster (good)
 11165 | D:10     | XOM: cast spell 'Beastly Appendage'
 11186 | D:10     | XOM: colour smoke trail
 11386 | D:10     | XOM: god gift: 53 gold pieces
 11824 | D:10     | XOM: confuse monster(s)
 11833 | D:10     | XOM: vitrification
 11912 | D:10     | XOM: confuse monster(s)
 12080 | D:10     | XOM: destruction
 12081 | D:10     | Noticed a hill giant
 12111 | D:10     | XOM: summons 2 friendly demons
 12119 | D:10     | XOM: cast spell 'Shadow Creatures'
 12175 | D:10     | XOM: chaos upgrade
 12178 | D:10     | XOM: harmless Hex miscast
 12217 | D:10     | Killed a hill giant
 12357 | D:11     | XOM: noise
 12358 | D:11     | Noticed a centaur warrior
 12381 | D:11     | Killed a centaur warrior
 12429 | D:11     | XOM: cast spell 'Stoneskin'
 12447 | D:11     | XOM: confuse monster(s)
 12487 | D:11     | XOM: enchant monster (bad)
 12849 | D:11     | Noticed Fannar
 12849 | D:11     | XOM: noise
 12861 | D:11     | XOM: silly message
 12873 | D:11     | XOM: enchant monster (bad)
 12878 | D:11     | Killed Fannar
 12878 | D:11     | Reached XP level 12. HP: 30/67 MP: 10/10
 13067 | D:11     | XOM: summons friendly shadow imp
 13068 | D:11     | XOM: noise
 13142 | D:11     | XOM: cast spell 'Blink'
 13149 | D:11     | XOM: blink monster(s)
 13154 | D:11     | XOM: repel stairs
 13320 | D:12     | XOM: confusion
 13324 | D:12     | XOM: 2-stop teleportation journey
 13402 | D:12     | Upgraded the game from 0.15-a0-2102-gacb6860 to 0.15-a0-2123-gb18dd36
 13461 | D:12     | Reached skill level 14 in Maces & Flails
 13463 | D:12     | XOM: silly message
 13480 | D:12     | XOM: swap weapons
 13503 | D:12     | XOM: confusion
 13521 | D:12     | Reached skill level 5 in Fighting
 13614 | D:12     | XOM: confusion (+ monsters)
 13682 | D:12     | Found Quev's Magic Scroll Boutique.
 13730 | D:12     | XOM: enchant monster (bad)
 13751 | D:12     | XOM: noise
 13960 | D:12     | Reached skill level 5 in Armour
 14091 | D:12     | XOM: harmless Ice miscast
 14099 | D:12     | XOM: noise
 14106 | D:12     | XOM: enchant monster (good)
 14110 | D:12     | XOM: fake destruction
 14484 | D:12     | XOM: summons 12 friendly demons
 14705 | D:12     | XOM: enchant monster (bad)
 14759 | D:12     | XOM: give mutations
 14759 | D:12     | Gained mutation: You have a pair of small horns on your head. [Xom's mischief]
 14759 | D:12     | Gained mutation: You are weak. (Str -2) [Xom's mischief]
 14759 | D:12     | Lost mutation: You are weak. (Str -2) [Xom's mischief]
 14818 | D:12     | XOM: noise
 14860 | D:13     | Noticed a centaur warrior
 14863 | D:13     | XOM: 2-stop teleportation journey
 14870 | D:13     | XOM: destruction
 14882 | D:13     | XOM: summons 2 friendly demons
 14924 | D:13     | XOM: polymorph red wasp -> manticore
 14954 | D:13     | Gained mutation: You can spit poison. [mutagenic meat]
 15100 | D:13     | XOM: cast spell 'Dispersal'
 15108 | D:13     | Killed a centaur warrior
 15112 | D:13     | XOM: potion effect (brilliance)
 15156 | D:13     | Found a frozen archway.
 15166 | IceCv    | Entered an ice cave
 15208 | IceCv    | Noticed hackum's ghost (powerful FoFi)
 15212 | IceCv    | XOM: confuse monster(s)
 15226 | IceCv    | Killed hackum's ghost
 15227 | IceCv    | XOM: give mutations
 15227 | IceCv    | Gained mutation: You possess an exceptional clarity of mind. [Xom's mischief]
 15227 | IceCv    | Lost mutation: You have a pair of small horns on your head. [Xom's mischief]
 15227 | IceCv    | Lost mutation: You possess an exceptional clarity of mind. [Xom's mischief]
 15301 | IceCv    | XOM: summons 3 friendly demons
 15302 | IceCv    | XOM: divination: magic mapping
 15428 | IceCv    | XOM: cast spell 'Death Channel'
 15450 | IceCv    | XOM: god gift: beef jerky
 16182 | IceCv    | XOM: cast spell 'Confusing Touch'
 16244 | IceCv    | XOM: silly message
 16468 | IceCv    | XOM: polymorph ice devil -> soul eater
 16472 | IceCv    | XOM: polymorph soul eater -> ice devil
 16498 | IceCv    | Reached XP level 13. HP: 21/79 MP: 11/11
 16958 | IceCv    | XOM: summons 1 hostile demon
 16961 | IceCv    | XOM: enchant monster (bad)
 17004 | IceCv    | Got a warped demon trident
 17006 | IceCv    | Identified the +10 demon trident of Fate {freeze, Str-4} (You found it in an ice cave)
 17039 | IceCv    | XOM: noise
 17041 | IceCv    | XOM: mild Pois miscast
 17250 | D:13     | Found a gate to the Vaults.
 17303 | D:13     | XOM: harmless Pois miscast
 17311 | D:13     | Noticed an anaconda
 17312 | D:13     | an anaconda changed into a great orb of eyes
 17315 | D:13     | XOM: blink monster(s)
 17315 | D:13     | Noticed a mottled draconian
 17315 | D:13     | a fire dragon changed into a mottled draconian
 17328 | D:13     | Noticed a storm dragon
 17328 | D:13     | a siren changed into a storm dragon
 17330 | D:13     | XOM: divine lightning (protected)
 17330 | D:13     | Noticed a minotaur
 17330 | D:13     | a storm dragon changed into a minotaur
 17378 | D:13     | XOM: summons 4 hostile demons
 17604 | D:13     | XOM: enchant monster (good)
 17888 | D:13     | XOM: polymorph slime creature -> alligator
 18104 | D:13     | XOM: silly message
 18321 | D:13     | XOM: summons 6 hostile demons
 18407 | D:12     | XOM: swap monsters
 18408 | D:12     | XOM: harmless Trmt miscast
 18426 | D:12     | XOM: give mutations
 18426 | D:12     | Gained mutation: You tend to lose your temper in combat. [Xom's mischief]
 18426 | D:12     | Gained mutation: You have a pair of small horns on your head. [Xom's mischief]
 18428 | D:12     | XOM: summons friendly iron imp
 18431 | D:12     | XOM: harmless Necr miscast
 18433 | D:12     | XOM: confusion (+ monsters)
 18628 | D:12     | Noticed a five-headed hydra
 18631 | D:12     | a five-headed hydra changed into a catoblepas
 18631 | D:12     | XOM: polymorph five-headed hydra -> catoblepas
 18704 | D:12     | XOM: enchant monster (good)
 18944 | D:12     | XOM: cast spell 'Ice Form'
 18951 | D:12     | Mangled by an orc warrior

Action                   |  1- 3 |  4- 6 |  7- 9 | 10-12 | 13-15 || total
-------------------------+-------+-------+-------+-------+-------++-------
Melee: Mace              |   101 |   280 |     6 |     5 |       ||   392
       Flail             |       |    29 |   354 |   749 |       ||  1132
       Unarmed           |       |       |     3 |       |     4 ||     7
       Dire flail        |       |       |       |   275 |    64 ||   339
       Trident           |       |       |       |    25 |       ||    25
       Great mace        |       |       |       |       |   224 ||   224
 Fire: Longbow           |       |       |    49 |   301 |    17 ||   367
Throw: Stone             |     9 |    24 |       |       |       ||    33
 Abil: Breathe Fire      |       |       |     1 |       |       ||     1
Evoke: Wand              |       |     1 |     1 |    31 |     1 ||    34
  Use: Potion            |     1 |     1 |    13 |     9 |     3 ||    27
       Scroll            |       |     5 |     8 |     6 |     3 ||    22
 Stab: Petrified         |       |     3 |       |       |       ||     3
       Paralysed         |       |     1 |       |     2 |       ||     3
       Confused          |       |     1 |     1 |     1 |       ||     3
       Betrayed ally     |       |       |       |       |     1 ||     1
  Eat: Chunk             |       |     9 |    10 |    12 |     2 ||    33
       Pizza             |       |     1 |       |     2 |       ||     3
       Fruit             |       |       |     1 |     3 |       ||     4
       Meat ration       |       |       |     1 |       |       ||     1
       Bread ration      |       |       |       |     2 |     1 ||     3
       Beef jerky        |       |       |       |     1 |       ||     1
